 Dungeon Crawl Stone Soup version 0.29-a0-1061-gbc57f8fbdb (webtiles) character file.

Game seed: 10149761087487402061

68 BritishOli the Trooper (level 4, 35/35 HPs)
             Began as a Demonspawn Fighter on Aug 15, 2022.
             Got out of the dungeon alive.
             The game lasted 00:04:04 (1921 turns).

BritishOli the Trooper (Demonspawn Fighter)         Turns: 1921, Time: 00:04:04

Health: 35/35      AC:  6    Str: 18    XL:     4   Next: 1%
Magic:  4/4        EV: 11    Int: 10    God:
Gold:   144        SH:  4    Dex: 12    Spells: 3/3 levels left

rFire   + . .      SeeInvis .   a - +0 long sword
rCold   . . .      Faith    .   c - +0 buckler
rNeg    . . .      Spirit   .   b - +0 scale mail
rPois   .          Reflect  .   (no helmet)
rElec   +          Harm     .   (no cloak)
rCorr   .          Rampage  .   (no gloves)
Will    +....                   (no boots)
Stlth   ..........              (no amulet)
HPRegen 0.11/turn               (no ring)
MPRegen 0.18/turn               (no ring)

@: no status effects
A: repulsion field 1, magic regeneration, fire resistance 1, strong-willed 1,
electricity resistance
a: no special abilities


You escaped.
You visited 1 branch of the dungeon, and saw 2 of its levels.

You collected 207 gold pieces.
You spent 63 gold pieces at shops.

Inventory:

Hand Weapons
 a - a +0 long sword (weapon)
Armour
 b - a +0 scale mail (worn)
 c - a +0 buckler (worn)
Scrolls
 f - 5 scrolls of amnesia {unknown}
 g - a scroll of fog {unknown}
 i - a scroll of vulnerability {unknown}
 j - 2 scrolls of enchant weapon {unknown}
 k - a scroll of fear {unknown}
Potions
 d - a potion of might
 e - a potion of mutation
 h - a potion of curing


   Skills:
 + Level 3.5 Fighting
 + Level 2.4 Long Blades
 + Level 3.2 Armour
 + Level 3.2 Shields


You had 3 spell levels left.
You didn't know any spells.
Your spell library contained the following spells:

 Spells                   Type           Power      Damage    Failure   Level
 Sting                    Tmut/Pois      0%         1d3       83%         1
 Poisonous Vapours        Pois/Air       0%         N/A       93%         2
 Confusing Touch          Hex            0%         N/A       99%         3
 Olgreb's Toxic Radiance  Pois           0%         N/A       100%        4
 Yara's Violent Unravell  Hex/Tmut       0%         3d3       100%        5
 Enfeeble                 Hex            0%         N/A       100%        7


Dungeon Overview and Level Annotations

Branches:
Dungeon (2/15)

Altars:

Shops:
D:1 !?(

Annotations:
D:2 1 runed translucent door, Crazy Yiuf


Innate Abilities, Weirdness & Mutations

You are surrounded by a mild repulsion field. (EV +2)
You regenerate magic rapidly.
Your flesh is heat resistant. (rF+)
You are strong-willed. (Will+)
You are resistant to electric shocks. (rElec)


Message History

The endoplasm freezes you.
You are frozen.
An endoplasm is nearby!
You slash the endoplasm!
You kill the endoplasm!
k - a scroll labelled ZADECK REUSIXT No target in view!
You see here a +2 pair of gloves.
No target in view!
Found a stone staircase leading up.
A ball python comes into view.
The ball python hisses angrily.
A ball python is nearby!
Found a stone staircase leading down.
A ball python is nearby!
You closely miss the ball python.
The ball python bites you but does no damage.
The ball python closely misses you.
You hit the ball python.
You kill the ball python!
You have reached level 4!
You feel clever.
Your demonic ancestry asserts itself...
Your magic begins to regenerate rapidly.
(D) Dungeon
Where to? (Enter - D:2, ? - help)
There is a stone staircase leading up here.
You climb upwards.
There is a stone staircase leading down here.
(D) Dungeon
Where to? (Enter - D:1, ? - help)
Okay, then.
(D) Dungeon
Where to? (Enter - D:1, ? - help)
Okay, then.
There is an open door here.
There is an open door here.
There is an open door here.
There is a staircase leading out of the dungeon here.
Are you sure you want to leave the Dungeon?
This will make you lose the game!
You have escaped!

#.#...#.# #.......##.......#
##.#...#.#
####........####.#####
.........#
#.#####..#.........
.####.#######
#.#........##.#####
.####.......#########..####.#
....#....##.#.......#.......#
.##^#.##.##.#.##+##.#.......#
.##..#.†..#.#.#...#.#.#######
....###.....#.#.@.#.#.#
####.#....#.#.##'##.#.# #
##.......#.....'.'.# #
#.#############'#.# # ###.###
##..# #...# # #.....#
##.#.####### # #.....#
##.###.## # #.....# #.## ##.#
# #.....# ##.###.##


There were no monsters in sight!

Vanquished Creatures
  2 adders (D:2)
  A worm (D:2)
  2 dart slugs (D:2)
  3 ball pythons
  5 bats
  4 endoplasms
  2 giant cockroaches (D:1)
  5 goblins
  2 hobgoblins
  2 jackals (D:1)
  6 kobolds
  A quokka (D:1)
  A frilled lizard (D:1)
  3 rats
39 creatures vanquished.

Vanquished Creatures (others)
  3 fungi (D:2)
  4 plants (D:2)
7 creatures vanquished.

Grand Total: 46 creatures vanquished

Notes
Turn   | Place    | Note
-------+----------+-------------------------------------------
     0 | D:1      | BritishOli the Demonspawn Fighter began the quest for the
                  | Orb.
     0 | D:1      | Reached XP level 1. HP: 18/18 MP: 1/1
    40 | D:1      | Found Fiot's Antique Weapon Shop.
   145 | D:1      | Found Esinogera's Magic Scroll Boutique.
   154 | D:1      | Bought a scroll of identify for 24 gold pieces
   208 | D:1      | Gained mutation: Your flesh is heat resistant. (rF+)
                  | [potion of mutation]
   208 | D:1      | Gained mutation: You are resistant to electric shocks.
                  | (rElec) [potion of mutation]
   208 | D:1      | Gained mutation: You are strong-willed. (Will+) [potion of
                  | mutation]
   238 | D:1      | Gained mutation: You are surrounded by a mild repulsion
                  | field. (EV +2) [demonic ancestry]
   238 | D:1      | Reached XP level 2. HP: 19/24 MP: 2/2
   565 | D:1      | Found Innarhy's Distillery.
   679 | D:1      | Bought a potion of curing for 39 gold pieces
   785 | D:1      | Upgraded the game from 0.29-a0-1039-gfc20370e89 to
                  | 0.29-a0-1061-gbc57f8fbdb
  1056 | D:2      | Reached XP level 3. HP: 25/29 MP: 3/3
  1455 | D:2      | Found a runed translucent door.
  1456 | D:2      | Noticed Crazy Yiuf
  1654 | D:2      | Found a faded altar of an unknown god.
  1879 | D:2      | Gained mutation: You regenerate magic rapidly. [demonic
                  | ancestry]
  1879 | D:2      | Reached XP level 4. HP: 35/35 MP: 4/4
  1921 | D:$      | Got out of the dungeon alive.

Illustrated notes

Levels and vault maps discovered:
D:1:      ncdulo_smallfort, layout_loops_cross, serial_shops, shop, shop,
          shop_coins, bh_walls_and_bars
D:2:      layout_loops_ring, shapermc_ecumenical_altar_mp_urbaneastern,
          uniq_crazy_yiuf_cottage

Skill      XL: |  1  2 |
---------------+-------+-----
Long Blades    | 2 |  2.4
Armour         | 3 |  3.2
Shields        | 3 |  3.2
Fighting       | |  3.5

Action                   |  1- 3 |  4- 6 || total
-------------------------+-------+-------++-------
Melee: Long sword        |   118 |       ||   118
  Use: Scroll            |     1 |       ||     1
       Potion            |     1 |       ||     1
Armor: Scale mail        |    39 |       ||    39
Dodge: Dodged            |    67 |       ||    67
Block: Buckler           |    23 |       ||    23

Table legend: (Time is in decaauts)
 A = Elapsed time spent in this place.
 B = Non-inter-level travel time spent in this place.
 C = Inter-level travel time spent in this place.
 D = Time resting spent in this place.
 E = Time spent auto-exploring this place.
 F = Levels seen in this place.
 G = Mean time per level.
                   A        B        C        D        E       F      G
               +--------+--------+--------+--------+--------+-----+--------+
         Total |   1960 |   1918 |     42 |    276 |   1364 |   2 |  980.0 |
       Dungeon |   1960 |   1918 |     42 |    276 |   1364 |   2 |  980.0 |
               +--------+--------+--------+--------+--------+-----+--------+

Top non-repeatable levels by time:
     D:1: 1091 daAuts
     D:2: 868 daAuts
